 Dungeon Crawl Stone Soup version 0.26.1-11-gd32895ea62 (webtiles) character file.

Game seed: 11456770022613835781

27101 Zeld the Thrower (level 13, -1/115 HPs)
             Began as a Green Draconian Gladiator on June 15, 2021.
             Was a Priest of Ashenzari.
             Slain by Frances
             ... wielding a +0 glaive
              (20 damage)
             ... on level 12 of the Dungeon.
             The game lasted 00:27:08 (23833 turns).

Zeld the Thrower (Green Draconian Gladiator)       Turns: 23833, Time: 00:27:09

Health: -1/115     AC:  5    Str: 18 (21) XL:     13   Next: 2%
Magic:  13/13      EV: 17    Int:  8 (9)  God:    Ashenzari [***...]
Gold:   924        SH:  5    Dex:  8 (13) Spells: 12/12 levels left

rFire    . . .     SeeInvis +   a - +9 flail (curse)
rCold    . . .     Faith    .   (no shield)
rNeg     . . .     Spirit   .   (armour unavailable)
rPois    +         Reflect  +   b - +2 hat (curse)
rElec    .         Harm     .   B - +0 cloak (curse)
rCorr    .         Rampage  .   H - +2 pair of gloves {archery} (curse)
Will     .....                  k - +2 pair of boots (curse)
Stlth    +.........             x - amulet of reflection (curse)
HPRegen  0.29/turn              s - ring of flight
MPRegen  0.13/turn              (no ring)

@: corroded
A: breathe noxious fumes, unfitting armour, deterioration 2, poison resistance,
cold-blooded, AC +8
a: Breathe Noxious Fumes, Renounce Religion, Evoke Flight, Curse Item, Scrying


You were on level 12 of the Dungeon.
You worshipped Ashenzari.
Ashenzari was most pleased with you.
You visited 2 branches of the dungeon, and saw 13 of its levels.

You collected 1014 gold pieces.
You spent 90 gold pieces at shops.

Inventory:

Hand Weapons
 a - a cursed +9 flail (weapon)
Missiles
 d - 421 stones
 l - 8 javelins
 n - 2 throwing nets
 o - 19 boomerangs
 y - 15 poisoned darts (quivered)
Armour
 b - a cursed +2 hat (worn)
 k - a cursed +2 pair of boots (worn)
 B - a cursed +0 cloak (worn)
 H - a cursed +2 pair of gloves of archery (worn)
Jewellery
 s - a ring of flight (left hand)
 t - an uncursed ring of protection from fire
 x - a cursed amulet of reflection (around neck)
Wands
 j - a wand of acid (8)
 q - a wand of paralysis (14)
 r - a wand of polymorph (6)
 z - a wand of digging (6)
 A - a wand of enslavement (10)
Scrolls
 c - 5 scrolls of blinking
 e - a scroll of magic mapping
 g - 6 scrolls of teleportation
 i - 2 scrolls of fear
 v - 2 scrolls of enchant weapon
 F - 2 scrolls of remove curse
Potions
 f - 8 potions of curing
 h - 3 potions of might
 m - 8 potions of haste
 p - 2 potions of flight
 u - a potion of cancellation
 w - a potion of resistance
 C - 2 potions of magic
 D - a potion of lignification {unknown}
 E - 3 potions of brilliance {unknown}
 G - 2 potions of ambrosia {unknown}


   Skills:
 + Level 10.8 Fighting
 - Level 11.8(14.4) Maces & Flails
 * Level 12.4 Throwing
 + Level 9.2(12.0) Dodging
 * Level 0.0 Evocations


You had 12 spell levels left.
You didn't know any spells.
Your spell library contained the following spells:

 Spells                   Type           Power        Failure   Level
 Apportation              Tloc           0%           41%         1
 Beastly Appendage        Tmut           0%           41%         1
 Summon Small Mammal      Summ           0%           41%         1
 Call Imp                 Summ           0%           54%         2
 Wereblood                Tmut           0%           54%         2
 Call Canine Familiar     Summ           0%           78%         3
 Lesser Beckoning         Tloc           0%           78%         3
 Spider Form              Tmut/Pois      0%           78%         3
 Summon Guardian Golem    Hex/Summ       0%           78%         3
 Tukima's Dance           Hex            0%           78%         3
 Ice Form                 Ice/Tmut       0%           99%         4
 Summon Ice Beast         Ice/Summ       0%           99%         4
 Summon Lightning Spire   Summ/Air       0%           99%         4
 Alistair's Intoxication  Tmut/Pois      0%           100%        5
 Blade Hands              Tmut           0%           100%        5
 Bolt of Magma            Conj/Fire/Erth 0%           100%        5
 Iskenderun's Battlesphe  Conj           0%           100%        5
 Invisibility             Hex            0%           100%        6
 Iron Shot                Conj/Erth      0%           100%        6
 Orb of Destruction       Conj           0%           100%        7
 Spellforged Servitor     Conj/Summ      0%           100%        7


Dungeon Overview and Level Annotations

Branches:
Dungeon (12/15)            Temple (1/1) D:4            Lair (0/6) D:9
    Orc (0/2) D:12

Altars:
Ashenzari
Cheibriados
Dithmenos
Elyvilon
Fedhas
Gozag
Hepliaklqana
Kikubaaqudgha
Makhleb
Nemelex Xobeh
Okawaru
Qazlal
Ru
Sif Muna
Trog
Uskayaw
Vehumet
Wu Jian
Xom
Yredelemnul
Zin
The Shining One
Beogh

Shops:
D:4 [   D:5 :

Annotations:
D:12 Frances


Innate Abilities, Weirdness & Mutations

You can breathe blasts of noxious fumes.
Your lurid green scales are hard. (AC +8)
You cannot fit into any form of body armour.
Your system is resistant to poisons. (rPois)
You are cold-blooded and may be slowed by cold attacks.
Your body often deteriorates upon taking damage.


Message History

The rust devil is almost dead.
The rust devil misses you.
You closely miss the rust devil.
The rust devil is almost dead.
Frances closely misses you.
You closely miss the rust devil.
The rust devil is almost dead.
The rust devil completely misses you. Frances barely misses you.
Frances whispers indecipherable words.
The shard of ice misses you.
Frances mutters in a terrible tongue.
Frances hits you from afar with a +0 glaive!!
Frances screams a word of power!
The shard of ice hits you!!
* * * LOW HITPOINT WARNING * * *
Your body deteriorates!
You feel dopey.
You have got your breath back.
There is a stone staircase leading up, spattered with blood here.
Frances hits you from afar with a +0 glaive!!
You die...

...##############################
............# #.# ,....., ,
............# #.#.........,
#########...#######.##...$.... *
........#............#......... ,
........#.....###'####.........
........#.....#................,*
........#######)...........<...
................@.@.4..........
....................4..........
#..................###......##
#..................# #......#
#..................# #......#
#.................(# #..4...#
#..................# #......#
.............####### #......#
.############# #......#


You could see Frances (fast), a hellwing (summoned) and a rust devil (summoned).

Vanquished Creatures
  Gastronok (D:11)
  Erica (D:9)
  6 two-headed ogres
  2 death yaks
  The ghost of butteredtoast the Frost Mage, a journeyman DEIE of Vehumet (D:11)
  Nergalle (D:12)
  An orc knight (D:10)
  An orc sorcerer (D:10)
  Pikel (D:4)
  An ugly thing (D:11)
  A manticore (D:11)
  A deep elf mage (D:10)
  Joseph (D:8)
  The ghost of oc3rt the Quickloader, a novice KoHu of Hepliaklqana (D:7)
  An ice statue (D:9)
  Psyche (D:9)
  2 gargoyles
  6 ice devils (D:9)
  A shadow (D:10)
  A neqoxec (D:11)
  A soldier ant (D:11)
  A water moccasin (D:10)
  5 sky beasts
  13 orc warriors
  A phantom (D:7)
  A swamp drake (D:12)
  2 black bears
  A necrophage (D:7)
  4 ogres
  A lemure (D:4)
  7 centaurs
  Blork the orc (D:5)
  8 bullfrogs
  A wyvern zombie (D:10)
  A wyvern skeleton (D:8)
  A water moccasin skeleton (D:4)
  6 scorpions
  15 killer bees
  8 wights
  6 howler monkeys
  2 jellies
  5 quasits
  2 hounds
  A bullfrog skeleton (D:5)
  14 orc priests
  Crazy Yiuf (D:6)
  A gnoll shaman (D:7)
  15 orc wizards
  Jessica (D:3)
  Ijyb (D:3)
  Terence (D:3)
  Natasha (thrice) (D:2)
  6 iguanas
  2 worker ants
  2 hound zombies
  A howler monkey zombie (D:8)
  Robin (D:3)
  11 gnolls
  12 adders
  A shadow imp (D:6)
  A white imp (D:7)
  8 ufetubi
  An ooze (D:6)
  2 adder zombies (D:9)
  4 adder skeletons
  8 leopard geckos
  50 orcs
  6 giant cockroaches
  22 goblins
  12 hobgoblins
  10 jackals
  5 quokkas
  14 bats
  10 frilled lizards
  A jackal skeleton (D:4)
  10 kobolds
  A quokka zombie (D:6)
  4 rats
368 creatures vanquished.

Vanquished Creatures (collateral kills)
  A death yak (D:9)
1 creature vanquished.

Vanquished Creatures (others)
  A wraith (D:12)
  A worker ant (D:12)
  An orc (D:12)
  4 plants (D:3)
  A withered plant (D:6)
8 creatures vanquished.

Grand Total: 377 creatures vanquished

Notes
Turn   | Place    | Note
-------+----------+-------------------------------------------
     0 | D:1      | Zeld the Draconian Gladiator began the quest for the Orb.
     0 | D:1      | Reached XP level 1. HP: 17/17 MP: 1/1
    86 | D:1      | Reached skill level 2 in Throwing
   195 | D:1      | Found a broken altar of Ashenzari.
   213 | D:1      | Reached XP level 2. HP: 8/25 MP: 2/2
   648 | D:1      | Became a worshipper of Ashenzari the Shackled
  1489 | D:2      | Reached XP level 3. HP: 18/30 MP: 3/3
  2074 | D:2      | Found an iron altar of Okawaru.
  2730 | D:3      | Noticed Natasha
  2762 | D:2      | Killed Natasha
  2763 | D:2      | Reached XP level 4. HP: 17/37 MP: 4/4
  3005 | D:2      | Noticed Natasha
  3015 | D:2      | Killed Natasha
  3329 | D:2      | Noticed Natasha
  3339 | D:2      | Killed Natasha
  3340 | D:2      | Reached skill level 3 in Throwing
  4009 | D:2      | Found an iron altar of Okawaru.
  4183 | D:3      | Noticed Terence
  4212 | D:3      | Killed Terence
  4213 | D:3      | Reached XP level 5. HP: 14/45 MP: 5/5
  4704 | D:3      | Found a shimmering altar of Xom.
  4704 | D:3      | Found a shimmering altar of Xom.
  4705 | D:3      | Found a shimmering altar of Xom.
  4706 | D:3      | Found a shimmering altar of Xom.
  4706 | D:3      | Found a shimmering altar of Xom.
  4710 | D:3      | Found a shimmering altar of Xom.
  5156 | D:3      | Noticed Ijyb
  5162 | D:3      | Paralysed by Ijyb for 4 turns
  5168 | D:3      | Killed Ijyb
  5169 | D:3      | Reached XP level 6. HP: 51/51 MP: 6/6
  5275 | D:3      | Noticed Jessica
  5279 | D:3      | Killed Jessica
  5293 | D:3      | Reached * piety under Ashenzari
  5562 | D:3      | Noticed Robin
  5612 | D:3      | Killed Robin
  6849 | D:4      | Found a staircase to the Ecumenical Temple.
  6898 | D:4      | Reached skill level 5 in Maces & Flails
  7007 | D:4      | Noticed Pikel
  7021 | D:4      | Killed Pikel
  7022 | D:4      | Reached skill level 4 in Throwing
  7022 | D:4      | Your scales start taking on a lurid green colour.
  7022 | D:4      | Reached XP level 7. HP: 27/60 MP: 7/7
  7022 | D:4      | Gained mutation: Your system is resistant to poisons.
                  | (rPois) [Green Draconian growth]
  7404 | D:4      | Reached skill level 5 in Throwing
  7537 | D:4      | Found Zott's Antique Armour Emporium.
  7708 | D:4      | Reached XP level 8. HP: 54/67 MP: 8/8
  7875 | D:5      | Entered Level 5 of the Dungeon
  8214 | D:5      | Found Gemaczur's Book Boutique.
  8215 | D:5      | Noticed Blork the orc
  8220 | D:5      | Killed Blork the orc
  8785 | D:6      | Reached skill level 5 in Fighting
  9039 | D:6      | Found a basalt altar of Yredelemnul.
  9115 | D:6      | Found a runed translucent door.
  9116 | D:6      | Noticed Crazy Yiuf
  9125 | D:6      | Killed Crazy Yiuf
  9328 | D:6      | Reached skill level 6 in Throwing
  9418 | D:6      | Found a shimmering blue altar of Sif Muna.
 10141 | D:7      | Found Zin's Purification Station.
 10144 | D:7      | Found a glowing silver altar of Zin.
 10147 | D:7      | Bought a potion of curing for 90 gold pieces
 10280 | D:7      | Found a shadowy altar of Dithmenos.
 10298 | D:7      | Reached skill level 5 in Dodging
 10606 | D:7      | Reached XP level 9. HP: 61/75 MP: 9/9
 10750 | D:7      | Found a runed translucent gate.
 10751 | D:7      | Found a runed translucent gate.
 10752 | D:7      | Found a runed translucent gate.
 10753 | D:7      | Noticed oc3rt's ghost (novice KoHu)
 11623 | D:7      | Found a hide-covered altar of Uskayaw.
 11810 | D:7      | Killed oc3rt's ghost
 11811 | D:7      | Reached skill level 7 in Throwing
 11953 | D:8      | Noticed Joseph
 11965 | D:8      | Killed Joseph
 12100 | D:8      | Found the +4 dagger "Morg" {pain, Will+ Int+5}
 12311 | D:8      | Reached ** piety under Ashenzari
 12383 | D:8      | Found a hazy altar of Hepliaklqana.
 12469 | D:8      | Noticed a two-headed ogre
 12470 | D:8      | Noticed a two-headed ogre
 12491 | D:8      | Killed a two-headed ogre
 12492 | D:8      | Reached XP level 10. HP: 53/84 MP: 10/10
 12497 | D:8      | Killed a two-headed ogre
 12498 | D:8      | Reached skill level 8 in Throwing
 13254 | D:9      | Reached skill level 10 in Maces & Flails
 13254 | D:9      | Reached skill level 9 in Throwing
 13254 | D:9      | Reached XP level 11. HP: 95/95 MP: 11/11
 13272 | D:9      | Noticed a two-headed ogre
 13282 | D:9      | Killed a two-headed ogre
 13371 | D:9      | Reached skill level 10 in Throwing
 13403 | D:9      | Found a glowing golden altar of the Shining One.
 13913 | D:9      | Noticed a death yak
 13930 | D:9      | Noticed a death yak
 13932 | D:9      | Killed a death yak
 13935 | D:9      | Noticed a death yak
 14115 | D:8      | Killed a death yak
 15167 | D:9      | Noticed Erica
 15303 | D:9      | Killed Erica
 15460 | D:9      | Noticed Psyche
 15473 | D:9      | Killed Psyche
 15508 | D:9      | Found an ornate altar of the Wu Jian Council.
 15548 | D:9      | Found a broken altar of Ashenzari.
 15688 | D:9      | Killed a death yak
 15794 | D:9      | Found a staircase to the Lair.
 15829 | D:9      | Reached XP level 12. HP: 98/104 MP: 12/12
 15998 | D:10     | Entered Level 10 of the Dungeon
 16281 | D:10     | Noticed a two-headed ogre
 16289 | D:10     | Killed a two-headed ogre
 16360 | D:10     | Found a shimmering blue altar of Sif Muna.
 16404 | D:10     | Found a roughly hewn altar of Beogh.
 16404 | D:10     | Found a transporter.
 16414 | D:10     | Reached *** piety under Ashenzari
 16715 | D:10     | Found a transporter.
 16735 | D:10     | Reached skill level 11 in Throwing
 16995 | D:10     | Found a sacrificial altar of Ru.
 17331 | Temple   | Entered the Ecumenical Temple
 19636 | D:11     | Noticed Gastronok
 19636 | D:11     | Noticed a two-headed ogre
 19667 | D:10     | Killed a two-headed ogre
 19668 | D:10     | Reached skill level 10 in Fighting
 19954 | D:11     | Killed Gastronok
 19955 | D:11     | Found a transporter.
 20364 | D:11     | Noticed a two-headed ogre
 20373 | D:11     | Killed a two-headed ogre
 20481 | D:11     | Reached skill level 12 in Throwing
 20846 | D:11     | Noticed butteredtoast's ghost (journeyman DEIE)
 20863 | D:11     | Found a transporter.
 21312 | D:11     | Gained mutation: Your body sometimes deteriorates upon
                  | taking damage. [a neqoxec]
 21321 | D:11     | Gained mutation: Your body often deteriorates upon taking
                  | damage. [a neqoxec]
 21354 | D:11     | Killed butteredtoast's ghost
 22599 | D:12     | Noticed Nergalle
 22957 | D:12     | Killed Nergalle
 22993 | D:12     | Found a staircase to the Orcish Mines.
 23013 | D:12     | Reached XP level 13. HP: 101/114 MP: 13/13
 23803 | D:12     | Noticed Frances
 23833 | D:12     | Slain by Frances

Illustrated notes

Levels and vault maps discovered:
D:1:      dpeg_arrival_rooms_b, layout_loops_ring, evilmike_ruin_ashenzari
D:2:      layout_loops_corners, lemuel_coloured_pillars_altar
D:3:      layout_basic, xom_redecorated, serial_co_window_serial,
          co_window_paths_b, co_window_of_opportunity_a, co_window_corner_a,
          co_window_of_opportunity_a, co_window_cross_1, co_window_paths_b,
          co_window_of_opportunity_a, co_window_paths_a, co_window_paths_a,
          co_window_2corner, co_window_of_opportunity_b, co_window_corner_b,
          co_window_corner_b, co_window_broadway_c, co_window_broadway_a,
          co_window_paths_e, glass_columns_b, glass_columns_b,
          minmay_lizard_king, uniq_terence, uniq_jessica, uniq_robin, uniq_ijyb,
          uniq_natasha
D:4:      layout_loops_ring, minmay_temple_entry_tees, serial_shops,
          nicolae_shop_trees, uniq_pikel
D:5:      layout_rooms, serial_shops, shop, abandoned_shop, uniq_blork_the_orc
D:6:      layout_cave_pods, nicolae_overflow_hidden_temple,
          yredelemnul_altar_generic, uniq_crazy_yiuf_cottage
D:7:      corexii_shack_village, layout_basic, zin_purify,
          grunt_dithmenos_smoke, marbit_many_paths, ebering_ghost_rock_garden
D:8:      layout_basic, lemuel_crystal_altar, uniq_joseph
D:9:      cheibrodos_frozen_isle, layout_gridville, old_standard_altar,
          nicolae_overflow_crystal_walls, dpeg_lair_monsters, basic_altar,
          uniq_psyche, uniq_erica
D:10:     gammafunk_beogh_shrine, layout_cave_pools, basic_altar,
          minmay_misc_feat_encased, skrybe_limestone_x, david_defended_altar_elf
D:11:     layout_cave_pods, gammafunk_ghost_stat_death, uniq_gastronok
D:12:     layout_irregular_city, erik_orc_1, einodemon_barbed_minivault,
          uniq_frances, uniq_nergalle
Temple:   nicolae_temple_god_jail

Skill      XL: |  1  2  3  4  5  6  7  8  9 10 11 12 |
---------------+-------------------------------------+-----
Throwing       | 2 3 4 5 6 7 9 10 12 | 12.4
Dodging        | 3 4 5 7 9 |  9.2
Fighting       | 3 4 5 6 8 9 10 | 10.8
Maces & Flails | 4 5 6 7 9 10 11 | 11.8

Action                   |  1- 3 |  4- 6 |  7- 9 | 10-12 | 13-15 || total
-------------------------+-------+-------+-------+-------+-------++-------
Melee: Flail             |   132 |   242 |   294 |   626 |    48 ||  1342
       Tailslap          |     8 |    34 |    32 |    83 |     3 ||   160
Throw: Throwing net      |     1 |     4 |       |     2 |       ||     7
       Stone             |       |     2 |       |       |       ||     2
       Dart              |       |       |       |     2 |       ||     2
Invok: Scrying           |       |       |     2 |       |       ||     2
       Curse Item        |       |       |     4 |     2 |       ||     6
 Abil: Breathe Noxious F |       |       |    12 |    28 |     3 ||    43
       Evoke Flight      |       |       |       |     5 |       ||     5
Evoke: Wand              |       |       |       |    18 |       ||    18
  Use: Scroll            |       |       |    18 |    15 |       ||    33
       Potion            |       |       |       |     3 |       ||     3
 Stab: Sleeping          |       |       |     3 |     2 |       ||     5
       Confused          |       |       |     3 |    13 |     2 ||    18
       Held in net/web   |       |       |       |     2 |       ||     2
       Distracted        |       |       |       |     1 |       ||     1
Armor: Skin              |    52 |   127 |    92 |   184 |     9 ||   464
Dodge: Dodged            |   139 |   247 |   194 |   611 |    25 ||  1216
Block: Other             |       |       |       |    38 |     7 ||    45
       Reflection        |       |       |       |     1 |       ||     1
